Map: Magannatha LE

Players

MORPHEUS

  • Race: Terran Terran
  • League: Gold
  • Spawn Location: 11:00

ManlyManMeat - Winner!

  • Race: Zerg Zerg
  • Spawn Location: 5:00

VOD

Have the link to the VOD?

Description

Time

  • Played on: May 16, 2025, 3:43 p.m.
  • Length: 17:28
Show
View Real Time Build Order
Export as new Build Order

MORPHEUS Terran 

Build Orders: Reaper Expand, Banshee Rush 

Get SALT Encoding   

  12  0:00  SCV  
  13  0:15  SCV  
  13  0:18  Supply Depot  
  14  0:27  SCV  
  15  0:40  SCV  
  16  0:43  Barracks  
  16  0:48  Refinery  
  16  0:52  SCV  
  17  1:04  SCV  
  18  1:16  SCV  
  19  1:30  Orbital Command  
  19  1:35  Reaper  
  20  1:42  Command Center  
  20  1:48  Refinery  
  20  1:57  SCV  
  21  2:07  Marine  
  22  2:15  SCV, Factory  
  23  2:19  Supply Depot  
  23  2:23  Barracks  
  23  2:27  Barracks Reactor  
  23  2:40  SCV  
  24  2:54  Orbital Command  
  24  3:01  Factory Tech Lab  
  24  3:05  SCV  
  25  3:07  Starport  
  25  3:14  Barracks Tech Lab  
  25  3:17  SCV  
  25  3:18  Barracks  
  26  3:20  Marine x2  
  28  3:32  SCV  
  29  3:34  Siege Tank  
  32  3:51  Marine x2  
  34  3:56  Banshee, Barracks Tech Lab  
  34  3:57  Cloaking Field  
  37  4:07  Barracks Reactor  
  37  4:09  Marine, Refinery, Orbital Command  
  38  4:19  Orbital Command  
  38  4:33  Stimpack  
  38  4:47  Banshee  
  41  4:55  Hyperflight Rotors, Refinery  
  41  4:59  Marine x5  
  45  5:00  Engineering Bay  
  46  5:28  Terran Infantry Armor Level 1  
  46  5:31  Missile Turret  
  46  5:42  Missile Turret  
  45  5:59  Supply Depot  
  45  6:02  SCV  
  46  6:04  Command Center  
  46  6:12  Combat Shield  
  46  6:20  Marine, Siege Tank  
  46  6:21  Marauder  
  48  6:57  Marine x3  
  48  7:00  Marine  
  48  7:01  Marine  
  46  7:19  Supply Depot  
  46  7:27  Banshee  
  49  7:32  Supply Depot  
  49  7:37  Concussive Shells  
  49  7:44  Barracks  
  49  8:00  Orbital Command  
  49  8:02  Marine  
  50  8:08  SCV x2  
  52  8:28  Missile Turret, Hi-Sec Auto Tracking  
  52  8:34  Marine  
  52  8:35  Missile Turret x2  
  52  8:40  Marine  
  54  8:49  Starport Reactor  
  54  8:55  Barracks Reactor  
  54  9:01  Missile Turret  
  54  9:08  Missile Turret  
  54  9:11  SCV  
  50  9:39  Marine  
  50  9:41  Missile Turret x2  
  48  9:50  Factory  
  48  9:52  Marine  
  48  9:58  Marine  
  50  10:06  Marine x3  
  52  10:14  Marine  
  52  10:15  Marine x2  
  52  10:20  Medivac  
  57  10:30  Marine  
  57  10:34  Marine x3  
  61  10:45  Marine  
  61  10:47  Marine x2  
  64  10:56  Marine  
  46  11:13  Marine x4  
  46  11:14  Armory  
  50  11:21  SCV x3  
  53  11:26  Terran Infantry Weapons Level 1  
  53  11:33  SCV x2  
  53  11:35  Missile Turret  
  53  11:38  Missile Turret  
  55  11:47  Marine x2  
  55  11:48  Marine x4  
  61  11:54  Medivac  
  63  12:13  Thor  
  69  12:15  Thor  
  69  12:19  Marine x2  
  69  12:20  Marine  
  78  12:28  Medivac x2  
  82  12:39  Marine x2  
  84  13:01  Command Center  
  84  13:04  Missile Turret  
  84  13:06  Missile Turret  
  84  13:20  Starport Reactor  
  84  13:21  Factory  
  84  13:29  Orbital Command  
  84  13:32  Refinery  
  84  13:47  Widow Mine x2, Siege Tank  
  91  13:51  Supply Depot  
  91  13:54  Supply Depot, Drilling Claws  
  91  14:08  Widow Mine  
  93  14:12  Medivac x2  
  93  14:15  Orbital Command  
  97  14:17  Widow Mine, Refinery  
  97  14:19  Widow Mine  
  101  14:30  Widow Mine  
  103  14:37  Thor  
  109  15:11  Missile Turret  
  109  15:12  Widow Mine x2, Siege Tank  
  108  15:23  Marine x2  
  110  15:30  Marine x2  
  110  15:32  SCV  
  114  15:35  SCV  
  114  15:55  SCV x2  
  116  16:09  Orbital Command  
  98  16:28  Marine x2  
Show
View Real Time Build Order
Export as new Build Order

ManlyManMeat Zerg - Winner!

Build Orders: Hatch First 

Get SALT Encoding   

  12  0:00  Drone  
  13  0:13  Overlord  
  13  0:16  Drone  
  14  0:32  Drone  
  15  0:37  Drone x2  
  17  0:52  Hatchery  
  17  0:53  Drone  
  17  0:57  Drone  
  18  1:12  Spawning Pool  
  18  1:13  Extractor  
  18  1:14  Drone  
  18  1:18  Drone  
  18  1:29  Drone  
  19  1:40  Overlord  
  19  1:50  Drone  
  20  2:00  Queen  
  22  2:04  Queen  
  22  2:06  Zergling x4  
  26  2:14  Drone  
  27  2:18  Metabolic Boost  
  27  2:25  Zergling x4  
  29  2:32  Overlord  
  29  3:08  Drone x7  
  29  3:09  Extractor  
  29  3:12  Extractor  
  34  3:32  Queen  
  36  3:46  Overlord  
  36  3:55  Lair  
  36  3:56  Drone  
  36  3:57  Drone x3  
  40  4:06  Zergling x8  
  44  4:18  Hatchery  
  43  4:41  Drone x9  
  43  4:43  Overlord x2  
  52  5:00  Queen  
  53  5:17  Queen  
  55  5:27  Spire  
  54  5:29  Evolution Chamber  
  54  5:30  Drone x5  
  54  5:31  Evolution Chamber  
  57  5:36  Drone x8  
  65  5:59  Overlord  
  65  6:00  Overlord x3  
  65  6:02  Zerg Missile Weapons Level 1  
  65  6:04  Zerg Ground Armor Level 1  
  65  6:08  Overseer  
  64  6:17  Overlord  
  64  6:29  Zergling x18  
  64  6:30  Zergling x10  
  75  6:43  Zergling x12  
  79  6:53  Corruptor x2  
  79  7:09  Mutalisk x3  
  85  7:29  Mutalisk  
  85  7:30  Mutalisk x2  
  85  7:33  Overlord x3  
  91  7:47  Zerg Flyer Weapons Level 1  
  91  7:57  Overlord, Zerg Melee Weapons Level 1  
  91  7:58  Overlord  
  91  7:59  Overlord  
  91  8:00  Overlord  
  91  8:01  Overlord  
  91  8:02  Overlord  
  91  8:04  Mutalisk x3  
  97  8:10  Extractor  
  96  8:27  Mutalisk x2  
  96  8:29  Zergling x16  
  108  8:56  Baneling Nest  
  107  9:16  Hatchery  
  104  9:21  Hatchery  
  99  9:27  Zergling x20  
  99  9:28  Zergling x4  
  109  9:53  Infestation Pit  
  109  9:54  Spore Crawler  
  109  9:56  Spore Crawler  
  104  10:17  Baneling x6  
  104  10:18  Baneling x4  
  104  10:20  Centrifugal Hooks  
  104  10:21  Zerg Melee Weapons Level 2  
  104  10:23  Zerg Flyer Armor Level 1  
  104  10:24  Overseer  
  104  10:25  Overseer  
  104  10:27  Overlord  
  104  10:28  Overlord  
  104  10:32  Drone x3  
  107  10:41  Drone x3  
  110  10:43  Drone x2  
  112  10:51  Extractor  
  112  10:52  Extractor  
  112  10:54  Extractor  
  109  10:57  Extractor  
  108  11:09  Hatchery  
  107  11:14  Hive  
  107  11:22  Spore Crawler  
  107  11:24  Spore Crawler  
  107  11:25  Spore Crawler  
  104  11:53  Infestor x2  
  108  12:11  Corruptor  
  108  12:12  Corruptor  
  112  12:45  Overlord  
  112  13:34  Drone x10  
  122  13:42  Ultralisk Cavern  
  122  13:44  Adrenal Glands  
  122  13:45  Ultralisk Cavern, Zerg Melee Weapons Level 3  
  122  13:47  Zerg Ground Armor Level 2  
  120  13:50  Greater Spire  
  120  13:54  Drone x3  
  120  13:55  Drone x2  
  125  13:56  Drone  
  126  14:45  Ultralisk x3  
  144  14:46  Ultralisk x2  
  144  14:49  Corruptor x2  
  160  14:55  Drone x4  
  164  15:05  Baneling x12  
  153  15:27  Ultralisk x2  
  165  15:33  Neural Parasite  
  165  15:51  Hatchery  
  157  16:37  Ultralisk x5  
Tags
 
Add a new tag
Caveats
  • Supply blocks, unpowered buildings, or Contaminate may cause inaccurate times.
  • Supply counts are checked every 10 seconds.